 Dungeon Crawl Stone Soup version 0.32-a0-350-g4f4d228785 (webtiles) character file.

Game seed: 16073118406601751993

4990 benadryl the Cleaver (level 10, -6/93 HPs)
             Began as a Mountain Dwarf Brigand on Feb 17, 2024.
             Mangled by an orc knight
             ... wielding a +0 trident
              (23 damage)
             ... in a bailey.
             The game lasted 00:19:20 (8115 turns).

benadryl the Cleaver (Mountain Dwarf Brigand)       Turns: 8115, Time: 00:19:21

Health: -6/93      AC: 15    Str: 13    XL:     10   Next: 29%
Magic:  10/10      EV:  8    Int: 21    God:
Gold:   474        SH:  5    Dex: 14    Spells: 9/9 levels left

rFire   . . .        k - +1 hand axe of Buitrile {elec, Str-4 Int+8 Dex+3}
rCold   + . .        (no shield)
rNeg    . . .        y - +0 chain mail
rPois   .            c - +0 helmet
rElec   .            i - +2 cloak
rCorr   .            (no gloves)
SInv    .            v - +0 pair of boots
Will    +....        x - amulet of reflection Stlth
                     s - ring of protection from cold
HPRegen 0.35/turn    (no ring)
MPRegen 0.12/turn

%: reflection
@: studying Fighting, very slow
A: runic magic, artefact enchanting
a: no special abilities


You were in a bailey.
You visited 2 branches of the dungeon, and saw 9 of its levels.
You also visited: Bailey.

You collected 474 gold pieces.

Inventory:

Hand Weapons
 e - a +1 whip of flaming
 k - the +1 hand axe of Buitrile (weapon) {elec, Str-4 Int+8 Dex+3}
   (You found it on level 2 of the Dungeon)

   Str-4:     It affects your strength (-4).
   Int+8:     It affects your intelligence (+8).
   Dex+3:     It affects your dexterity (+3).
 u - a +0 war axe
 w - a +1 battleaxe
Missiles
 d - 5 poisoned darts
Armour
 c - a +0 helmet (worn)
 g - a +0 ring mail
 i - a +2 cloak (worn)
 v - a +0 pair of boots (worn)
 y - a +0 chain mail (worn)
Jewellery
 b - an amulet of regeneration
 s - a ring of protection from cold (left hand)
 x - an amulet of reflection (around neck)
Wands
 o - a wand of digging (8)
 p - a wand of roots (5)
 t - a wand of acid (1)
Scrolls
 a - 3 scrolls of identify {@r1}
 f - 3 scrolls of enchant weapon
 z - a scroll of immolation
Potions
 h - a potion of curing {@q1}
 j - 2 potions of enlightenment
 l - a potion of attraction
 m - 4 potions of lignification
 q - a potion of brilliance


   Skills:
 * Level 10.1 Fighting
 - Level 1.5 Short Blades
 - Level 11.0 Axes
 - Level 1.5 Throwing
 - Level 5.0 Armour
 - Level 5.0 Dodging
 - Level 2.9 Stealth


You had 9 spell levels left.
You didn't know any spells.
Your spell library contained the following spells:

 Spells                   Type           Power      Damage    Failure   Level
 Magic Dart               Conj           0%         1d3       34%         1
 Necrotise                Necr           0%         1d4       34%         1
 Blink                    Tloc           0%         N/A       47%         2
 Call Imp                 Summ           0%         N/A       47%         2
 Ensorcelled Hibernation  Hex/Ice        0%         N/A       47%         2
 Lesser Beckoning         Tloc           0%         N/A       47%         2
 Momentum Strike          Conj/Tloc      0%         3d8       47%         2
 Fugue of the Fallen      Necr           0%         N/A       71%         3
 Ozocubu's Armour         Ice            0%         N/A       71%         3
 Vampiric Draining        Necr           0%         2d6       71%         3
 Volatile Blastmotes      Fire/Tloc      0%         2d10      71%         3
 Anguish                  Hex/Necr       0%         N/A       98%         4
 Fulminant Prism          Conj/Alch      0%         3d5       98%         4
 Ignite Poison            Fire/Alch      0%         N/A       98%         4
 Iskenderun's Mystic Bla  Conj/Tloc      0%         2d3       98%         4
 Martyr's Knell           Necr/Summ      0%         N/A       98%         4
 Sticky Flame             Fire/Alch      0%         2d4       98%         4
 Alistair's Intoxication  Alch           0%         N/A       100%        5
 Borgnjor's Vile Clutch   Necr/Erth      0%         N/A       100%        5
 Curse of Agony           Necr           0%         N/A       100%        5
 Metabolic Englaciation   Hex/Ice        0%         N/A       100%        5
 Eringya's Noxious Bog    Alch           0%         4d6       100%        6
 Sculpt Simulacrum        Ice/Alch       0%         N/A       100%        6
 Ignition                 Fire           0%         3d3       100%        8


Dungeon Overview and Level Annotations

Branches:
Dungeon (8/15)             Temple (1/1) D:7          Bailey (1/1)
   Lair: D:8-11

Altars:
Cheibriados
Dithmenos
Fedhas
Gozag
Kikubaaqudgha
Makhleb
Okawaru
Ru
Sif Muna
Trog
Vehumet
Zin
The Shining One

Shops:
D:7 ((!   D:8 (


Innate Abilities, Weirdness & Mutations

Your spellcasting is much less encumbered by armour.
You can use scrolls of enchantment on lesser artefacts.


Message History

The grasping roots constrict the orc warrior, but do no damage.
The grasping roots constrict the orc knight.
The roots release their grip on the orc warrior.
The roots release their grip on the orc knight.
The orc knight hits you from afar with a +0 trident!
The orc warrior struggles to escape constriction.
Aiming: Corrosive Bolt
Press: ? - help, Shift-Dir - straight line, p - orc warrior The bolt of acid hits the orc knight!
The orc knight seems to be corroded for longer.
The orc knight is heavily wounded.
The grasping roots constrict the orc warrior.
The grasping roots constrict the orc knight.
The roots release their grip on the orc knight.
The orc knight hits you from afar with a +0 trident!!
The orc warrior struggles to escape constriction.
Aiming: Corrosive Bolt
Press: ? - help, Shift-Dir - straight line The bolt of acid hits the orc knight!
The orc knight seems to be corroded for longer.
The orc knight is almost dead.
The grasping roots constrict the orc warrior.
The roots release their grip on the orc warrior.
The orc knight hits you but does no damage.
Okay, then.
Okay, then.
The orc knight hits you from afar with a +0 trident!!
The orc warrior hits you from afar with a +0 glaive!
* * * LOW HITPOINT WARNING * * *
Okay, then.
Okay, then.
Aiming: Fastroot
Press: ? - help, Shift-Dir - straight line, f - orc warrior
Aim: an orc warrior, wielding a +0 glaive and wearing a +0 chain mail (almost dead, strong)
The roots erupt in riotous growth!
Roots grab the orc warrior.
Roots grab the orc knight. x2
The grasping roots constrict the orc warrior.
The grasping roots constrict the orc knight. x2
The orc knight hits you from afar with a +0 trident!!
You die...

.. ............................
.... ≈≈≈≈~~~~~~~~~~~~~~~~~≈≈≈≈≈~
.... ###≈≈~~~~~~~~~~~~~~~≈≈###≈≈
....≈##.##≈~~~~~~~~~~~~~~~≈##.##≈
....≈#....~~~~~~~~~~~~~~~)~)...#≈
....≈##)∩#≈~~~~~~~~~~~~~~~≈#∩.##≈
....≈≈#)##≈~~~~#######~~~~≈##.#≈≈
....~≈≈~≈≈≈~~~##~~~~##~~~~≈≈≈~≈≈~
....~~~~~~~~~##~@~~~##~~~~~~~~~~~
....~~~~~~~~##~~#'''##~~~~~~~~~~~
....~~~~~~~~#~~##ooo##~~##~~~~~~~
....~~~~~~~##~####'####~##~~~~~~~
....~~~~~~~##~'.#.o.#)'~##~~~~~~~
....~~~~~~~##~###._.###~##~~~~~~~
....~~~~~~~##~')#).?#)'~##~~~~~~~
....~~~~~~~##~#########~##~~~~~~~
....~~~~~~~~#~~##)#)##~~#~~~~~~~~


You could see 2 orc knights and 2 orc warriors.

Vanquished Creatures
  Pikel (D:4)
  Prince Ribbit (D:5)
  A shadow (D:8)
  A yak (D:7)
  2 steam dragons (D:7)
  Edmund (D:6)
  A water moccasin (D:8)
  8 orc warriors
  2 black bears
  An ice beast (D:6)
  4 sky beasts
  4 ogres
  A centaur (D:7)
  A phantom (D:6)
  A kobold brigand (D:7)
  A bullfrog (D:7)
  A scorpion (D:7)
  9 wights (D:7)
  A killer bee (D:7)
  2 bombardier beetles
  2 orc priests
  4 jellies
  5 hounds
  A gnoll bouda (D:4)
  4 sleepcaps
  An orc wizard (D:7)
  4 iguanas
  9 gnolls
  9 adders
  A shadow imp (D:7)
  2 white imps (D:7)
  3 ufetubi
  2 ribbon worms
  31 orcs
  7 ball pythons
  5 bats
  4 endoplasms
  2 giant cockroaches
  14 goblins
  5 hobgoblins
  4 jackals (D:3)
  2 quokkas
  5 frilled lizards
  9 kobolds
  9 rats
188 creatures vanquished.

Vanquished Creatures (others)
  An orc wizard (D:8)
1 creature vanquished.

Grand Total: 189 creatures vanquished

Notes
Turn   | Place    | Note
-------+----------+-------------------------------------------
     0 | D:1      | benadryl the Mountain Dwarf Brigand began the quest for the
                  | Orb.
     0 | D:1      | Reached XP level 1. HP: 17/17 MP: 1/1
   285 | D:1      | Reached XP level 2. HP: 26/26 MP: 2/2
   542 | D:1      | Reached XP level 3. HP: 26/33 MP: 3/3
  1242 | D:2      | Reached XP level 4. HP: 40/41 MP: 4/4
  1314 | D:2      | Reached skill level 5 in Fighting
  1762 | D:2      | Identified the +1 hand axe of Buitrile {elec, Str-4 Int+8
                  | Dex+3}
  1961 | D:3      | Reached skill level 1 in Axes
  2174 | D:3      | Reached skill level 2 in Axes
  2216 | D:3      | Reached XP level 5. HP: 38/48 MP: 5/5
  2228 | D:3      | Reached skill level 3 in Axes
  2595 | D:4      | Reached skill level 4 in Axes
  2775 | D:4      | Found a radiant altar of Vehumet.
  2786 | D:4      | Noticed a lemure
  2786 | D:4      | Noticed Pikel
  2787 | D:4      | Noticed a lemure
  2788 | D:4      | Noticed a lemure
  2789 | D:4      | Noticed a lemure
  2797 | D:4      | Killed Pikel
  2798 | D:4      | Reached skill level 8 in Axes
  2798 | D:4      | Reached XP level 6. HP: 51/56 MP: 6/6
  2798 | D:4      | Reached XP level 7. HP: 56/61 MP: 7/7
  3621 | D:5      | Entered Level 5 of the Dungeon
  3673 | D:5      | Identified the +1 leather armour of Macaroni {Harm rN+}
  3681 | D:5      | Reached skill level 9 in Axes
  3681 | D:5      | Reached XP level 8. HP: 71/71 MP: 8/8
  3931 | D:5      | Noticed Prince Ribbit
  3940 | D:5      | Killed Prince Ribbit
  3952 | D:5      | Identified the +7 rapier of Luxury {flame, +Blink rN+}
  4455 | D:6      | Found a blossoming altar of Fedhas.
  4501 | D:6      | Noticed Edmund
  4513 | D:6      | Killed Edmund
  4529 | D:6      | Reached skill level 10 in Axes
  5205 | D:7      | Reached XP level 9. HP: 74/83 MP: 9/9
  5329 | D:7      | Found Kaniamegg's Distillery.
  5415 | D:7      | Found Kadoch's Weapon Shoppe.
  5607 | D:7      | Reached skill level 10 in Fighting
  5661 | D:7      | Found Ybrej's Weapon Emporium.
  5715 | D:7      | Reached skill level 11 in Axes
  5779 | D:7      | Reached skill level 1 in Armour
  6136 | D:7      | Reached skill level 5 in Armour
  6142 | D:7      | Reached skill level 1 in Dodging
  6260 | D:7      | Identified the +4 ring mail "Beclil" {Int+5}
  6571 | D:7      | Found a staircase to the Ecumenical Temple.
  6580 | Temple   | Entered the Ecumenical Temple
  6676 | D:7      | Found a glowing silver altar of Zin.
  6851 | D:8      | Reached XP level 10. HP: 60/93 MP: 10/10
  6952 | D:8      | Found Plog's Antique Weapon Emporium.
  7068 | D:8      | Found a flagged portal.
  7105 | Bailey   | Entered a bailey
  8083 | Bailey   | Reached skill level 5 in Dodging
  8104 | Bailey   | Found a roughly hewn altar of Beogh.
  8104 | Bailey   | Noticed an orc knight
  8104 | Bailey   | Noticed an orc knight
  8115 | Bailey   | Mangled by an orc knight

Illustrated notes

Levels and vault maps discovered:
D:1:      matt_arrival_refuge, layout_basic
D:2:      layout_basic
D:3:      layout_rooms, nicolae_grassy_gnolls
D:4:      minmay_thick_lines, layout_basic, mainiacjoe_overflow_cross_hatched,
          feat_on_display, uniq_pikel
D:5:      layout_cave_pods, uniq_prince_ribbit1
D:6:      layout_basic, fedhas_ov_isle_minmay, uniq_edmund
D:7:      layout_cave_pools, zin_statuary, minmay_temple_entry_poolview,
          serial_shops, shop, shop, shop, serial_bayou_pond_d,
          minmay_joined_circles
D:8:      layout_loops_ring, nicolae_wu_jian_glorious_leap,
          mainiacjoe_overflow_boulevard, minitemple, erik_lair_orcish_takeover,
          serial_shops, shop, enter_bailey_5
Temple:   nicolae_temple_ecumenical_triangle
Bailey:   bailey_polearm_2, bailey

Skill      XL: |  1  2  3  4  5  6  7  8  9 10 |
---------------+-------------------------------+-----
Fighting       | 3 4 5 6 9 10 | 10.1
Axes           | 2 8 9 10 11 | 11.0
Armour         | 5 |  5.0
Dodging        | 3 5 |  5.0
Short Blades   | |  1.5
Throwing       | |  1.5
Stealth        | |  2.9

Action                     |  1- 3 |  4- 6 |  7- 9 | 10-12 || total
---------------------------+-------+-------+-------+-------++-------
  Melee: Dagger            |   109 |    41 |       |       ||   150
         Hand axe          |       |    68 |   368 |   140 ||   576
  Throw: Dart              |    62 |    15 |    14 |     1 ||    92
  Evoke: Wand              |       |     1 |    19 |     8 ||    28
    Use: Scroll            |     3 |     5 |    14 |       ||    22
         Potion            |       |       |     3 |     1 ||     4
   Stab: Distracted        |       |       |     2 |       ||     2
         Sleeping          |       |       |     2 |       ||     2
         Invisible         |       |       |       |     1 ||     1
 Armour: Robe              |    58 |       |       |       ||    58
         Ring mail         |    23 |    81 |   249 |       ||   353
         Chain mail        |       |       |    16 |   153 ||   169
  Dodge: Dodged            |    67 |    48 |   124 |    46 ||   285
  Block: Other             |       |       |       |    16 ||    16
         Reflection        |       |       |       |     3 ||     3

Table legend: (Time is in decaauts)
 A = Elapsed time spent in this place.
 B = Non-inter-level travel time spent in this place.
 C = Inter-level travel time spent in this place.
 D = Time resting spent in this place.
 E = Time spent auto-exploring this place.
 F = Levels seen in this place.
 G = Mean time per level.
                   A        B        C        D        E       F      G
               +--------+--------+--------+--------+--------+-----+--------+
         Total |   8059 |   7803 |    256 |   1769 |   4089 |  10 |  805.9 |
       Dungeon |   7004 |   6749 |    255 |   1055 |   4089 |   8 |  875.5 |
        Temple |      1 |      0 |      1 |      0 |      0 |   1 |    1.0 |
        Bailey |   1053 |   1053 |      0 |    714 |      0 |   1 | 1053.0 |
               +--------+--------+--------+--------+--------+-----+--------+

Top non-repeatable levels by time:
     D:7: 1258 daAuts
     D:6: 1134 daAuts
     D:4: 1124 daAuts
  Bailey: 1053 daAuts
     D:1: 973 daAuts
     D:2: 961 daAuts
     D:5: 725 daAuts
     D:3: 547 daAuts
     D:8: 279 daAuts
  Temple: 1 daAuts
